General information
- name: BNet
- type: Ladder team game (AT/RT)
- host: Battle.net
- saver: Big.Poppa
map: TwilightRuins
- players: 8
- length: 52:05
- speed: Fast
- version: 1.27 W3XP
- replay type: Public
» download(312 KB)
Players
team 1 (loser)

»
comon.man- (
teal | 62 APM | 1900 actions | 30:26)
5 Blademaster
3 Wind Walk
2 Critical Strike
» actions
| Assign group hotkey | 46 | |
| Basic commands | 72 | |
| Build / train | 74 | |
| ESC pressed | 5 | |
| Enter build submenu | 23 | |
| Enter hero's abilities submenu | 6 | |
| Give item / drop item | 1 | |
| Right click | 961 | |
| Select / deselect | 322 | |
| Select group hotkey | 299 | |
| Use ability | 91 | |
1900 total
» units
| Peon | 22 | |
| Goblin Shredder | 1 | |
| Raider | 15 | |
| Wind Rider | 6 | |
44 total
» upgrades
| Ensnare | 2 | |
| Reinforced Defenses | 1 | |
| Pillage | 1 | |
4 total
» buildings
| Altar of Storms | 1 | |
| Orc Burrow | 5 | |
| Voodoo Lounge | 2 | |
| War Mill | 1 | |
| Stronghold | 3 | |
| Great Hall | 2 | |
| Beastiary | 4 | |
| Watch Tower | 6 | |
| Fortress | 1 | |
25 total
» build order
00:04 Altar of Storms
00:12 Orc Burrow
00:40 Voodoo Lounge
01:18 War Mill
01:50 Orc Burrow
02:31 Stronghold
02:31 Stronghold
02:31 Stronghold
03:20 Great Hall
04:52 Beastiary
04:55 Beastiary
04:57 Orc Burrow
04:59 Orc Burrow
05:12 Watch Tower
06:17 Watch Tower
06:57 Voodoo Lounge
08:30 Fortress
11:13 Watch Tower
11:23 Watch Tower
12:54 Great Hall
13:19 Watch Tower
13:21 Watch Tower
21:11 Beastiary
21:13 Beastiary
21:18 Orc Burrow
» items
| Healing Salve | 5 | |
| Lesser Clarity Potion | 5 | |
| Scroll of Speed | 1 | |
| Boots of Speed | 1 | |
| Staff of Teleportation | 1 | |
| Potion of Healing | 1 | |
14 total
rush_bane (
pink | 62 APM | 1274 actions | 20:24)
3 Blademaster
1 Wind Walk
2 Critical Strike
3 Firelord
2 Summon Lava Spawn
1 Soul Burn
» actions
| Assign group hotkey | 22 | |
| Basic commands | 11 | |
| Build / train | 54 | |
| ESC pressed | 4 | |
| Enter build submenu | 24 | |
| Enter hero's abilities submenu | 6 | |
| Give item / drop item | 2 | |
| Right click | 486 | |
| Select / deselect | 168 | |
| Select group hotkey | 424 | |
| Use ability | 73 | |
1274 total
» units
| Peon | 7 | |
| Demolisher | 3 | |
| Troll Headhunter/Berserker | 19 | |
29 total
» upgrades
| Troll Regeneration | 1 | |
| Berserker Upgrade | 1 | |
| Ranged Weapons | 1 | |
| Armor | 1 | |
| Burning Oil | 1 | |
| Reinforced Defenses | 1 | |
| Witch Doctor Training | 1 | |
7 total
» buildings
| Orc Burrow | 6 | |
| War Mill | 1 | |
| Altar of Storms | 1 | |
| Voodoo Lounge | 1 | |
| Watch Tower | 8 | |
| Great Hall | 1 | |
| Stronghold | 1 | |
| Barracks | 2 | |
| Beastiary | 2 | |
| Fortress | 1 | |
| Spirit Lodge | 1 | |
25 total
» build order
00:16 Orc Burrow
00:23 War Mill
00:37 Altar of Storms
01:13 Voodoo Lounge
02:16 Orc Burrow
03:19 Watch Tower
04:06 Watch Tower
04:27 Watch Tower
04:49 Great Hall
04:58 Watch Tower
05:01 Stronghold
06:00 Watch Tower
06:59 Barracks
07:11 Orc Burrow
08:05 Beastiary
08:28 Beastiary
09:14 Fortress
09:16 Orc Burrow
09:54 Barracks
13:19 Orc Burrow
14:22 Orc Burrow
16:03 Watch Tower
17:34 Watch Tower
17:44 Spirit Lodge
18:51 Watch Tower
» items
| Healing Salve | 2 | |
| Lesser Clarity Potion | 3 | |
| Circlet of Nobility | 1 | |
| Orb of Lightning | 1 | |
| Scroll of Town Portal | 1 | |
8 total
Porkchopper. (
red | 104 APM | 5399 actions | 52:03)
9 Blademaster
3 Wind Walk
3 Critical Strike
1 Bladestorm
2 Mirror Image
» actions
| Assign group hotkey | 124 | |
| Basic commands | 135 | |
| Build / train | 159 | |
| ESC pressed | 12 | |
| Enter build submenu | 82 | |
| Enter hero's abilities submenu | 9 | |
| Give item / drop item | 6 | |
| Right click | 2534 | |
| Select / deselect | 573 | |
| Select group hotkey | 1302 | |
| Use ability | 463 | |
5399 total
» units
| Peon | 11 | |
| Grunt | 13 | |
| Goblin Zeppelin | 7 | |
| Wind Rider | 11 | |
| Goblin Shredder | 7 | |
| Goblin Sapper | 3 | |
| Raider | 7 | |
| Kodo Beast | 1 | |
| Makrura Deepseer | 1 | |
61 total
» upgrades
| Berserker Strength | 1 | |
| Ranged Weapons | 3 | |
| Armor | 5 | |
| Pillage | 1 | |
| Reinforced Defenses | 1 | |
| Envenomed Spears | 1 | |
| Spiked Barricades | 2 | |
| Ensnare | 1 | |
| Melee Weapons | 3 | |
| War Drums Damage Increase | 1 | |
19 total
» buildings
| Orc Burrow | 9 | |
| Barracks | 1 | |
| Altar of Storms | 1 | |
| Voodoo Lounge | 2 | |
| Stronghold | 3 | |
| Great Hall | 3 | |
| War Mill | 1 | |
| Beastiary | 2 | |
| Watch Tower | 60 | |
| Fortress | 5 | |
87 total
» build order
00:20 Orc Burrow
01:18 Barracks
01:20 Altar of Storms
01:25 Orc Burrow
01:31 Voodoo Lounge
02:35 Orc Burrow
04:06 Stronghold
04:06 Stronghold
04:32 Great Hall
05:24 War Mill
05:47 Orc Burrow
06:40 Beastiary
06:43 Beastiary
06:53 Watch Tower
06:56 Watch Tower
07:10 Watch Tower
09:45 Watch Tower
10:55 Fortress
10:55 Fortress
10:55 Fortress
10:58 Watch Tower
10:59 Watch Tower
11:20 Watch Tower
11:21 Watch Tower
11:24 Watch Tower
14:00 Orc Burrow
16:04 Watch Tower
16:05 Watch Tower
16:07 Watch Tower
16:07 Watch Tower
16:11 Watch Tower
18:56 Watch Tower
18:56 Watch Tower
18:57 Watch Tower
18:58 Watch Tower
19:20 Watch Tower
19:33 Watch Tower
19:35 Watch Tower
19:38 Watch Tower
20:23 Watch Tower
20:23 Watch Tower
20:45 Watch Tower
20:46 Watch Tower
20:46 Watch Tower
20:47 Watch Tower
21:05 Watch Tower
21:06 Watch Tower
22:36 Voodoo Lounge
23:04 Watch Tower
27:23 Watch Tower
27:23 Watch Tower
27:23 Watch Tower
27:46 Watch Tower
27:47 Watch Tower
28:43 Orc Burrow
28:44 Orc Burrow
28:47 Watch Tower
28:48 Watch Tower
28:49 Watch Tower
29:15 Watch Tower
29:16 Watch Tower
29:18 Watch Tower
29:46 Watch Tower
29:47 Watch Tower
32:30 Watch Tower
32:37 Watch Tower
32:38 Watch Tower
33:41 Orc Burrow
33:57 Orc Burrow
40:31 Great Hall
42:56 Watch Tower
42:57 Watch Tower
42:58 Watch Tower
43:00 Watch Tower
43:02 Watch Tower
43:03 Watch Tower
43:05 Watch Tower
43:12 Watch Tower
45:22 Great Hall
45:25 Watch Tower
45:26 Watch Tower
45:26 Watch Tower
45:27 Watch Tower
45:30 Watch Tower
» items
| Healing Salve | 11 | |
| Lesser Clarity Potion | 2 | |
| Claws of Attack +6 | 1 | |
| Gloves of Haste | 1 | |
| Scroll of Town Portal | 5 | |
| Pendant of Energy | 1 | |
| Orb of Lightning | 1 | |
| Scroll of Healing | 1 | |
23 total

»
Necropedo (
yellow | 50 APM | 2469 actions | 48:53)
7 Shadow Hunter
3 Healing Wave
3 Hex
1 Big Bad Voodoo
» actions
| Assign group hotkey | 36 | |
| Basic commands | 95 | |
| Build / train | 112 | |
| ESC pressed | 12 | |
| Enter build submenu | 63 | |
| Enter hero's abilities submenu | 8 | |
| Give item / drop item | 2 | |
| Remove unit from queue | 6 | |
| Right click | 874 | |
| Select / deselect | 489 | |
| Select group hotkey | 631 | |
| Use ability | 141 | |
2469 total
» units
» upgrades
» buildings
| Orc Burrow | 8 | |
| Altar of Storms | 1 | |
| Barracks | 1 | |
| Voodoo Lounge | 2 | |
| Stronghold | 1 | |
| War Mill | 1 | |
| Great Hall | 4 | |
| Fortress | 1 | |
| Watch Tower | 33 | |
| Tauren Totem | 3 | |
| Beastiary | 1 | |
56 total
» build order
00:10 Orc Burrow
00:18 Altar of Storms
00:27 Barracks
01:54 Orc Burrow
02:05 Voodoo Lounge
03:40 Stronghold
04:05 Orc Burrow
04:24 War Mill
05:19 Great Hall
05:34 Orc Burrow
06:02 Fortress
07:02 Watch Tower
07:05 Watch Tower
07:59 Orc Burrow
08:55 Tauren Totem
08:58 Tauren Totem
08:59 Tauren Totem
09:25 Watch Tower
09:34 Orc Burrow
10:35 Watch Tower
10:47 Orc Burrow
12:07 Watch Tower
13:16 Watch Tower
14:04 Orc Burrow
14:22 Watch Tower
14:24 Watch Tower
15:50 Watch Tower
16:49 Watch Tower
24:26 Great Hall
26:57 Great Hall
27:52 Watch Tower
27:53 Watch Tower
28:09 Watch Tower
28:11 Watch Tower
28:13 Watch Tower
28:51 Watch Tower
29:19 Watch Tower
30:16 Watch Tower
30:17 Watch Tower
30:20 Watch Tower
30:27 Watch Tower
31:43 Watch Tower
31:45 Watch Tower
31:48 Watch Tower
32:32 Watch Tower
32:33 Watch Tower
33:29 Watch Tower
33:45 Watch Tower
34:34 Voodoo Lounge
34:37 Watch Tower
34:57 Beastiary
36:17 Watch Tower
36:18 Watch Tower
36:20 Watch Tower
36:33 Watch Tower
37:39 Great Hall
» items
| Healing Salve | 3 | |
| Lesser Clarity Potion | 3 | |
| Scroll of Town Portal | 8 | |
| Potion of Healing | 1 | |
| Dust of Appearance | 1 | |
16 total
team 2 (winner)

»
cascade31 (
green | 40 APM | 1499 actions | 37:27)
6 Mountain King
3 Storm Bolt
2 Bash
1 Avatar
5 Paladin
3 Holy Light
2 Devotion Aura
5 Archmage
3 Brilliance Aura
2 Summon Water Elemental
» actions
| Assign group hotkey | 32 | |
| Build / train | 117 | |
| Enter build submenu | 21 | |
| Enter hero's abilities submenu | 16 | |
| Give item / drop item | 1 | |
| Right click | 493 | |
| Select / deselect | 327 | |
| Select group hotkey | 372 | |
| Use ability | 120 | |
1499 total
» units
| Peasant | 16 | |
| Footman | 2 | |
| Rifleman | 26 | |
| Siege Engine | 16 | |
60 total
» upgrades
| Masonry | 3 | |
| Gunpowder | 3 | |
| Long Rifles | 1 | |
| Lumber Harvesting | 2 | |
| Armor | 3 | |
| Barrage | 1 | |
| Plating | 3 | |
| Backpack | 1 | |
| Swords | 1 | |
18 total
» buildings
| Farm | 13 | |
| Altar of Kings | 1 | |
| Barracks | 1 | |
| Lumber Mill | 1 | |
| Blacksmith | 1 | |
| Keep | 1 | |
| Town Hall | 3 | |
| Scout Tower | 5 | |
| Guard Tower | 3 | |
| Castle | 1 | |
| Arcane Vault | 1 | |
| Workshop | 1 | |
32 total
» build order
00:25 Farm
00:50 Altar of Kings
00:55 Barracks
01:16 Farm
01:49 Lumber Mill
02:06 Blacksmith
02:39 Farm
04:13 Keep
04:28 Town Hall
04:32 Scout Tower
04:36 Farm
04:38 Scout Tower
05:01 Guard Tower
05:09 Guard Tower
07:37 Castle
07:43 Arcane Vault
07:52 Farm
07:53 Farm
07:54 Farm
09:46 Farm
09:47 Farm
10:34 Workshop
11:11 Farm
13:58 Farm
14:00 Farm
14:00 Farm
21:38 Town Hall
27:15 Scout Tower
27:16 Scout Tower
27:16 Scout Tower
27:46 Guard Tower
33:55 Town Hall
» items
| Lesser Clarity Potion | 1 | |
| Scroll of Regeneration | 4 | |
| Orb of Fire | 2 | |
| Scroll of Town Portal | 7 | |
| Scroll of Protection | 1 | |
15 total

»
MAgicWARlock (
orange | 59 APM | 3050 actions | 51:37)
9 Demon Hunter
3 Immolation
3 Evasion
1 Metamorphosis
2 Mana Burn
» actions
| Assign group hotkey | 36 | |
| Build / train | 113 | |
| ESC pressed | 1 | |
| Enter build submenu | 24 | |
| Enter hero's abilities submenu | 9 | |
| Give item / drop item | 4 | |
| Right click | 1106 | |
| Select / deselect | 326 | |
| Select group hotkey | 1319 | |
| Use ability | 112 | |
3050 total
» units
| Wisp | 38 | |
| Archer | 18 | |
| Hippogryph | 17 | |
73 total
» upgrades
| Strength of the Moon | 3 | |
| Strength of the Wild | 3 | |
| Improved Bows | 1 | |
| Hippogryph Taming | 1 | |
| Marksmanship | 1 | |
| Moon Armor | 1 | |
| Reinforced Hides | 1 | |
| Nature's Blessing | 1 | |
12 total
» buildings
| Altar of Elders | 1 | |
| Moon Well | 6 | |
| Ancient of War | 2 | |
| Ancient of Wonders | 1 | |
| Hunter's Hall | 1 | |
| Tree of Ages | 1 | |
| Ancient Protector | 9 | |
| Ancient of Wind | 1 | |
| Tree of Eternity | 1 | |
| Tree of Life | 3 | |
26 total
» build order
00:13 Altar of Elders
00:24 Moon Well
00:38 Ancient of War
01:15 Ancient of Wonders
01:44 Ancient of War
02:23 Moon Well
03:40 Moon Well
04:18 Hunter's Hall
05:31 Tree of Ages
06:24 Moon Well
09:02 Ancient Protector
09:09 Ancient Protector
09:16 Ancient Protector
09:49 Ancient of Wind
14:39 Tree of Eternity
16:57 Moon Well
19:11 Moon Well
21:30 Tree of Life
26:50 Tree of Life
31:25 Ancient Protector
31:28 Ancient Protector
31:30 Ancient Protector
31:34 Ancient Protector
33:31 Ancient Protector
33:34 Ancient Protector
36:07 Tree of Life
» items
| Dust of Appearance | 6 | |
| Circlet of Nobility | 1 | |
| Moonstone | 1 | |
| Potion of Healing | 2 | |
| Scroll of Town Portal | 5 | |
| Boots of Speed | 1 | |
16 total
Big.Poppa (
purple | 56 APM | 2921 actions | 52:05)
10 Blademaster
3 Wind Walk
3 Critical Strike
1 Bladestorm
3 Mirror Image
» actions
| Assign group hotkey | 69 | |
| Basic commands | 184 | |
| Build / train | 115 | |
| Enter build submenu | 60 | |
| Enter hero's abilities submenu | 10 | |
| Give item / drop item | 5 | |
| Remove unit from queue | 1 | |
| Right click | 1383 | |
| Select / deselect | 569 | |
| Select group hotkey | 341 | |
| Use ability | 184 | |
2921 total
» units
| Peon | 8 | |
| Grunt | 5 | |
| Goblin Shredder | 1 | |
| Goblin Sapper | 23 | |
| Troll Batrider | 3 | |
| Goblin Zeppelin | 5 | |
| Wind Rider | 13 | |
58 total
» upgrades
| Ranged Weapons | 3 | |
| Armor | 3 | |
| Troll Regeneration | 1 | |
| Liquid Fire | 1 | |
| Reinforced Defenses | 1 | |
| Pillage | 1 | |
| Envenomed Spears | 1 | |
| Spiked Barricades | 3 | |
| Ensnare | 1 | |
| War Drums Damage Increase | 1 | |
16 total
» buildings
| Orc Burrow | 6 | |
| Altar of Storms | 1 | |
| Barracks | 1 | |
| Voodoo Lounge | 3 | |
| Stronghold | 3 | |
| Great Hall | 3 | |
| War Mill | 1 | |
| Watch Tower | 47 | |
| Fortress | 1 | |
| Beastiary | 4 | |
70 total
» build order
00:13 Orc Burrow
00:53 Altar of Storms
00:54 Barracks
01:04 Orc Burrow
01:42 Voodoo Lounge
02:50 Stronghold
02:50 Stronghold
03:41 Orc Burrow
04:27 Great Hall
05:14 War Mill
06:41 Watch Tower
06:41 Watch Tower
06:41 Watch Tower
06:42 Watch Tower
06:45 Watch Tower
08:17 Fortress
08:19 Beastiary
08:20 Beastiary
08:21 Beastiary
08:23 Beastiary
13:17 Watch Tower
13:17 Watch Tower
13:17 Watch Tower
13:19 Watch Tower
13:19 Watch Tower
19:10 Watch Tower
19:10 Watch Tower
19:11 Watch Tower
19:11 Watch Tower
19:15 Watch Tower
19:16 Watch Tower
19:16 Watch Tower
19:17 Watch Tower
19:17 Watch Tower
19:17 Watch Tower
19:25 Watch Tower
19:26 Watch Tower
19:26 Watch Tower
19:26 Watch Tower
19:26 Watch Tower
21:18 Orc Burrow
21:20 Orc Burrow
21:25 Orc Burrow
28:54 Great Hall
28:58 Watch Tower
28:58 Watch Tower
28:58 Watch Tower
28:59 Watch Tower
29:03 Watch Tower
29:03 Watch Tower
29:04 Watch Tower
29:04 Watch Tower
29:09 Voodoo Lounge
36:05 Great Hall
36:13 Watch Tower
36:13 Watch Tower
36:15 Watch Tower
36:15 Watch Tower
36:15 Watch Tower
36:16 Watch Tower
36:25 Watch Tower
36:25 Watch Tower
36:26 Watch Tower
36:27 Watch Tower
36:28 Watch Tower
36:29 Watch Tower
38:53 Voodoo Lounge
» items
| Healing Salve | 5 | |
| Boots of Speed | 1 | |
| Lesser Clarity Potion | 2 | |
| Potion of Healing | 4 | |
| Orb of Lightning | 1 | |
| Staff of Teleportation | 2 | |
| Periapt of Vitality | 2 | |
| Potion of Lesser Invulnerability | 2 | |
| Scroll of Healing | 2 | |
| Scroll of Town Portal | 2 | |
| Mana Stone | 1 | |
24 total

»
LEVYATANN (
blue | 34 APM | 1166 actions | 34:40)
4 Crypt Lord
2 Carrion Beetles
2 Spiked Carapace
2 Death Knight
1 Death Coil
1 Unholy Aura
» actions
| Assign group hotkey | 36 | |
| Basic commands | 90 | |
| Build / train | 70 | |
| ESC pressed | 8 | |
| Enter build submenu | 28 | |
| Enter hero's abilities submenu | 6 | |
| Give item / drop item | 1 | |
| Remove unit from queue | 7 | |
| Right click | 422 | |
| Select / deselect | 300 | |
| Select group hotkey | 112 | |
| Use ability | 86 | |
1166 total
» units
| Acolyte | 19 | |
| Ghoul | 3 | |
| Crypt Fiend | 5 | |
| Goblin Shredder | 1 | |
| Frost Wyrm | 4 | |
| Gargoyle | 6 | |
38 total
» upgrades
| Web | 1 | |
| Burrow | 1 | |
| Creature Attack | 2 | |
| Creature Carapace | 2 | |
| Freezing Breath | 1 | |
7 total
» buildings
| Crypt | 2 | |
| Ziggurat | 20 | |
| Graveyard | 1 | |
| Altar of Darkness | 1 | |
| Nerubian Tower | 1 | |
| Halls of the Dead | 1 | |
| Tomb of Relics | 1 | |
| Black Citadel | 1 | |
| Sacrificial Pit | 1 | |
| Spirit Tower | 7 | |
| Boneyard | 3 | |
39 total
» build order
00:13 Crypt
00:16 Ziggurat
00:42 Graveyard
00:58 Altar of Darkness
01:30 Ziggurat
02:23 Nerubian Tower
03:09 Halls of the Dead
03:44 Ziggurat
03:47 Tomb of Relics
07:18 Black Citadel
07:56 Ziggurat
07:57 Ziggurat
07:59 Ziggurat
08:08 Sacrificial Pit
08:21 Spirit Tower
08:23 Spirit Tower
08:28 Ziggurat
08:33 Ziggurat
09:46 Boneyard
09:52 Boneyard
09:56 Boneyard
10:04 Ziggurat
10:06 Ziggurat
10:07 Ziggurat
10:57 Spirit Tower
16:10 Ziggurat
16:25 Ziggurat
16:27 Ziggurat
17:50 Ziggurat
18:32 Spirit Tower
18:36 Spirit Tower
19:15 Spirit Tower
21:26 Ziggurat
24:16 Spirit Tower
24:19 Spirit Tower
24:26 Ziggurat
26:22 Ziggurat
26:24 Ziggurat
26:25 Ziggurat
26:29 Crypt
» items
| Periapt of Vitality | 1 | |
| Scroll of Town Portal | 3 | |
| Orb of Corruption | 1 | |
5 total
Chat log
(02:16 / All) Big.Poppa: If you got a gun up in yo waist please don't shoot up the place
(02:24 / All) Big.Poppa: cuz I see some ladies tonight who should be havin my baby baby
(02:45 / All) Big.Poppa: I LOVE IT WHEN U CALL ME BIG POPPA
(13:56 / All) Big.Poppa: I LOVE IT WHEN YO UCALL ME BIG POPPA
(14:46 / Allies) cascade31: t
(14:48 / Allies) cascade31: tp
(15:15 / All) Big.Poppa: C'MON MAN!
(15:27 / All) Porkchopper.: Jake fail tk with 3 raiders hahaha
(15:28 / All) Porkchopper.: and bm
(15:34 / All) MAgicWARlock: lol
(16:09 / All) comon.man-: noob red
(16:12 / All) comon.man-: 0 micro
(16:19 / All) comon.man-: with 3 k gold
(16:20 / All) Porkchopper.: Jake has 0 micro
(16:22 / All) Porkchopper.: flamechamp is trash
(16:30 / All) Porkchopper.: pretending he's not know we know he is too
(18:07 / All) comon.man-: thx red ruin the game noob
(18:12 / All) Porkchopper.: Jake ruins every game
(18:13 / All) Necropedo: lol
(18:17 / All) Porkchopper.: so much more fun when playing games without him
(18:20 / All) Porkchopper.: Killing him is pretty fun though
(18:24 / All) Necropedo: TK teal every time.
(18:30 / All) Porkchopper.: Yeah
(18:34 / All) Porkchopper.: he sucks, he's a fail tker noob
(18:39 / All) Porkchopper.: and all he does is whine, he needs his teams to carry him
(18:40 / All) Necropedo: ja
(18:43 / All) comon.man-: 3vs me and nobody help me
(18:45 / All) comon.man-: noob
(18:48 / All) Porkchopper.: Yellow agrees you suck
(18:51 / All) Porkchopper.: seems like the problem is you
(18:54 / All) comon.man-: noob 0 micro
(19:01 / All) comon.man-: with mass wyv
(19:03 / All) comon.man-: he dos bat
(19:05 / All) comon.man-: u know ?
(19:13 / All) comon.man-: noob
(19:15 / All) comon.man-: learn to play
(19:16 / All) Porkchopper.: I go other stuff but I wanted to fight you with wyvs since you were going wyvs and gonna tk me
(19:21 / Allies) Big.Poppa: lumber
(19:25 / All) Porkchopper.: didn't have to you got raped on your own
(19:29 / All) Necropedo: retard
(19:30 / Allies) Big.Poppa: LUMBER
(19:33 / All) comon.man-: Ahah red
(19:55 / All) comon.man-: really red
(19:58 / All) comon.man-: lost bm
(20:02 / All) comon.man-: really noob
(20:04 / All) Necropedo: still here?
(20:05 / Allies) LEVYATANN: what is you fucking problem asshole
(20:06 / All) Porkchopper.: no mana, just popped
(20:08 / All) Porkchopper.: where's it gonna go
(20:11 / All) comon.man-: Where blue
(20:16 / All) comon.man-: u suck really
(20:18 / All) Porkchopper.: what'd you have done with your bm
(20:18 / All) comon.man-: 0 micro
(20:25 / All) comon.man-: i killing all unit
(20:25 / Allies) Big.Poppa: lumber!
(20:30 / All) comon.man-: i save my base 3vs 1
(20:36 / Allies) Big.Poppa: hit that base instaed
(20:37 / All) Porkchopper.: nope, you didn't
(20:44 / Allies) Big.Poppa: LUMBER
(20:46 / All) comon.man-: u save only because u massing tower like a noob
(20:56 / All) Porkchopper.: as if you do anything else but mass tower
(20:58 / All) Porkchopper.: 99% of our games
(21:14 / Allies) Big.Poppa: LUMBER
(21:22 / All) comon.man-: And yellow
(21:24 / All) comon.man-: massing tauren
(21:26 / All) comon.man-: noob
(21:31 / All) Porkchopper.: yellow is ab etter player than you lol
(21:35 / All) comon.man-: lol
(21:36 / Allies) Big.Poppa: blue is backstabber
(21:40 / All) comon.man-: just massing 1 unit = big noob
(21:49 / All) Porkchopper.: you do nothing but mass 1 unit every game
(21:53 / Allies) Big.Poppa: blue is bser
(22:29 / Allies) Big.Poppa: blue is bser
(22:31 / Allies) cascade31: tppp
(22:42 / All) comon.man-: lool all suck in this game
(22:48 / All) comon.man-: lol yellow
(22:52 / All) comon.man-: focus more main
(22:54 / All) comon.man-: ahah
(23:00 / All) comon.man-: learn to play
(23:03 / All) Necropedo: still here?
(23:04 / Allies) Big.Poppa: blue is bser
(23:05 / All) Necropedo: no base?
(23:08 / All) Necropedo: lecturing me?
(23:10 / All) Porkchopper.: yeah lol
(23:26 / All) Porkchopper.: no base and acts like he knows what he's talking about
(23:30 / Allies) LEVYATANN: and you are a fuking idiot
(23:43 / Allies) MAgicWARlock: tanks
(23:45 / Allies) Big.Poppa: bser
(23:55 / Allies) MAgicWARlock: tanks
(24:03 / All) comon.man-: yeah
(24:37 / All) Necropedo: teal is the worst bser i've ever met
(24:37 / All) comon.man-: leave guys
(24:43 / All) Porkchopper.: same
(24:49 / All) comon.man-: i have 30-1 in 4s
(24:50 / All) comon.man-: with my aka
(24:53 / All) comon.man-: dont shit
(25:29 / Allies) Big.Poppa: die tker
(25:39 / All) Porkchopper.: wow enough peasants on gold green
(25:51 / All) Porkchopper.: you're almost like a certain fatty I know
(25:57 / All) comon.man-: red check ur base
(26:11 / Allies) cascade31: tp plz
(26:16 / Allies) cascade31: tp
(26:22 / Allies) cascade31: help
(26:25 / Allies) MAgicWARlock: got
(26:29 / All) comon.man-: Aahaha
(26:41 / Allies) MAgicWARlock: crap
(26:47 / All) comon.man-: Dont care my bs
(27:06 / Allies) cascade31: come with me
(27:21 / All) comon.man-: go attack guys
(27:23 / All) comon.man-: i killing all tower
(27:26 / All) comon.man-: to red expo
(27:26 / All) comon.man-: go
(28:02 / Allies) Big.Poppa: blue is bsing again
(28:07 / All) comon.man-: Ahah red
(28:09 / All) comon.man-: do noting
(28:11 / All) comon.man-: really noob
(28:15 / All) Porkchopper.: I was dealing with you
(28:16 / All) comon.man-: with 3 k gold
(28:17 / All) Porkchopper.: suiciding your raiders
(28:19 / All) Porkchopper.: "noob"
(28:21 / All) comon.man-: ahaha
(28:24 / All) comon.man-: dont care dude
(28:36 / All) Porkchopper.: if you didn't care you'd have left earlier
(28:38 / All) Porkchopper.: you do care, they always do
(28:45 / All) comon.man-: i have fun
(28:46 / All) comon.man-: dude
(28:56 / All) Porkchopper.: so do I
(29:00 / All) Porkchopper.: I play vidya for fun
(29:09 / All) Porkchopper.: which is why I don't act like an obnoxious retarded asshole all the time
(29:10 / All) Porkchopper.: like you
(29:16 / All) comon.man-: +26 bm and u do noting
(29:17 / All) comon.man-: really noob
(29:30 / All) Porkchopper.: been dealing with you
(29:44 / All) comon.man-: go guys
(29:47 / All) comon.man-: kill yellow
(29:50 / All) comon.man-: he have expo in top
(29:54 / Allies) cascade31: go purple
(30:23 / All) comon.man-: so learn to spend your gold red
(30:30 / All) MAgicWARlock: hahaha
(30:32 / All) Porkchopper.: Jake stabbed
(30:34 / All) Porkchopper.: mission accomplished
(30:43 / All) Porkchopper.: that was no challenge at all lol
(31:43 / Allies) Big.Poppa: just leave blue
(31:46 / Allies) Big.Poppa: tkers make me sick
(34:44 / Allies) MAgicWARlock: hahah
(34:50 / Allies) Big.Poppa: fucking faggot he was
(34:58 / Allies) MAgicWARlock: iknow
(35:59 / Allies) MAgicWARlock: crap again
(36:32 / Allies) MAgicWARlock: gold pls
(36:49 / Allies) MAgicWARlock: gold pls
(36:54 / Allies) MAgicWARlock: gold
(37:05 / Allies) cascade31: tp
(37:10 / Allies) MAgicWARlock: i have none
(37:25 / Allies) MAgicWARlock: its ver
(37:32 / All) Porkchopper.: raped
(37:47 / Allies) Big.Poppa: how much you need
(38:53 / All) Porkchopper.: 2 pendants and +36 damage
(40:14 / All) Big.Poppa: I LOVE IT WHEN YOU CALL ME BIG POPPA
(40:23 / All) Necropedo: i love you big poppa
(40:32 / All) Necropedo: never change.
(40:58 / Allies) Big.Poppa: tank with dh
(42:05 / Allies) MAgicWARlock: 500 g pls
(42:27 / Allies) Big.Poppa: walk your main to your expo
(48:41 / Allies) Big.Poppa: whers your dh
(48:43 / All) Necropedo: you're not very good.
(48:48 / All) Necropedo: red
(48:53 / All) Necropedo: gg purple
(48:58 / All) Big.Poppa: lawl
(49:01 / All) Porkchopper.: lawl made him leave
(49:09 / All) Porkchopper.: I love acting like an idiot until people just leave, don't even have to stab
(49:18 / All) Porkchopper.: from where you're kneeling it must look like an 18 karat run of bad luck
(49:21 / All) Porkchopper.: but the truth is
(49:24 / All) Porkchopper.: the game was rigged from the start
(51:00 / All) Porkchopper.: 336 crit
(51:33 / All) Porkchopper.: 810 mana
(51:40 / All) Big.Poppa: lol
(51:41 / All) Porkchopper.: nice
(51:43 / All) Big.Poppa: stats
(51:51 / All) Porkchopper.: Jake 3-1 lawl
(51:56 / All) Porkchopper.: pink 259-265
(52:00 / All) Big.Poppa: jake lose
(52:01 / All) Porkchopper.: yellow 103-122